 Dungeon Crawl Stone Soup version 0.18-a0-1575-g920359c (webtiles) character file.

52143 namelastname112 the Grand Gadgeteer (level 14, 0/125 HPs)
             Began as a Purple Draconian Monk on Mar 16, 2016.
             Was the Champion of Pakellas.
             Slain by a tentacled starspawn (9 damage)
             ... on level 2 of the Abyss.
             The game lasted 00:43:51 (21267 turns).

namelastname112 the Grand Gadgeteer (DrMo)         Turns: 21267, Time: 00:43:52

Health: 0/125      AC: 12    Str: 12      XL:     14   Next: 26%
Magic:  30/30      EV: 18    Int: 10 (12) God:    Pakellas [******]
Gold:   1765       SH:  5    Dex: 15      Spells: 0 memorised, 13 levels left

rFire  . . .     SeeInvis .       - Unarmed
rCold  + . .     Gourm    .     (armour unavailable)
rNeg   . . .     Faith    .     r - +0 buckler
rPois  .         Spirit   .     (helmet restricted)
rElec  .         Dismiss  .     y - +2 cloak
rCorr  .         Reflect  .     (no gloves)
SustAt .         Harm     .     M - +0 pair of boots
MR     ++...                    (no amulet)
Stlth  ++........               k - ring of protection from cold
                                D - +3 ring of slaying

@: very resistant to hostile enchantments, unstealthy
A: breathe power, unfitting armour, horns 1, talons 1, clumsy 1, high mp 2, weak
1, cold-blooded, AC +8
a: Breathe Dispelling Energy, Quick Charge, Device Surge, Renounce Religion


You were on level 2 of the Abyss.
You worshipped Pakellas.
Pakellas was exalted by your worship.
You were hungry.

You visited 2 branches of the dungeon, and saw 16 of its levels.
You visited the Abyss 1 time.
You also visited: Ice Cave.

You collected 1825 gold pieces.
You spent 60 gold pieces at shops.

Inventory:

Armour
 r - a +0 buckler (worn)
 y - a +2 cloak (worn)
 M - a +0 pair of boots (worn)
Rods
 j - a +10 rod of clouds (18/18)
   (You found it on level 2 of the Dungeon)
 C - a +6 rod of clouds (13/13)
   (Pakellas gifted it to you on level 8 of the Dungeon)
 E - a +6 rod of ignition (10/10)
   (Pakellas gifted it to you on level 13 of the Dungeon)
Jewellery
 k - a ring of protection from cold (right hand)
 A - an uncursed amulet of regeneration
 D - a +3 ring of slaying (left hand)
 K - an uncursed ring of poison resistance
Wands
 l - a wand of polymorph (8/24)
 B - a wand of acid (0/15)
 F - a wand of slowing (12/48)
 G - a wand of digging (10/24)
Scrolls
 c - 7 scrolls of identify
 n - a scroll of amnesia
 p - 9 scrolls of remove curse
 t - 5 scrolls of teleportation
 u - 2 scrolls of magic mapping
 w - a scroll of fear
 L - a scroll of enchant armour
Potions
 b - 4 potions of haste
 d - a potion of cancellation
 h - a potion of agility
 i - 7 potions of magic
 m - a potion of brilliance
 s - a potion of flight
 x - 2 potions of cure mutation
 z - a potion of might
 J - 2 potions of invisibility
 N - a potion of resistance
Books
 e - a book of Minor Magic

   Spells                             Type                      Level
   a - Magic Dart                     Conjuration                  1
   b - Blink                          Translocation                2
   c - Call Imp                       Summoning                    2
   d - Repel Missiles                 Charms/Air                   2
   e - Slow                           Hexes                        2
   f - Conjure Flame                  Conjuration/Fire             3
   g - Mephitic Cloud                 Conjuration/Poison/Air       3
 g - a book of Clouds

   Spells                             Type                      Level
   a - Mephitic Cloud                 Conjuration/Poison/Air       3
   b - Conjure Flame                  Conjuration/Fire             3
   c - Poisonous Cloud                Conjuration/Poison/Air       6
   d - Freezing Cloud                 Conjuration/Ice/Air          6
   e - Ring of Flames                 Charms/Fire                  7
 v - a book of the Warp

   Spells                             Type                      Level
   a - Recall                         Summoning/Translocation      3
   b - Gell's Gravitas                Hexes/Translocation          3
   c - Force Lance                    Conjuration/Translocation    4
   d - Warp Weapon                    Charms/Translocation         5
   e - Summon Forest                  Summoning/Translocation      5
 H - a book of Power

   Spells                             Type                      Level
   a - Fulminant Prism                Conjuration/Hexes            4
   b - Iskenderun's Mystic Blast      Conjuration                  4
   c - Venom Bolt                     Conjuration/Poison           5
   d - Bolt of Magma                  Conjuration/Fire/Earth       5
   e - Iron Shot                      Conjuration/Earth            6
   f - Orb of Destruction             Conjuration                  7
   g - Spellforged Servitor           Conjuration/Summoning        7
Comestibles
 a - 9 bread rations
 f - 3 meat rations
 q - 19 fruits
 I - a beef jerky
 P - 6 slices of pizza


   Skills:
 + Level 11.8 Fighting
 + Level 10.2 Dodging
 - Level 1.7 Stealth
 - Level 4.8 Shields
 + Level 13.4 Unarmed Combat
 * Level 15.5 Evocations


You had 13 spell levels left.
You didn't know any spells.

Dungeon Overview and Level Annotations

Branches:
Dungeon (15/15)            Temple (1/1) D:4            Lair (0/8) D:9
    Orc (0/2) D:12         Vaults (0/5) D:13         Depths (0/5) D:15

Altars:
Ashenzari
Cheibriados
Dithmenos
Elyvilon
Fedhas
Gozag
Kikubaaqudgha
Makhleb
Nemelex Xobeh
Okawaru
Pakellas
Qazlal
Ru
Sif Muna
Trog
Vehumet
Xom
Yredelemnul
Zin
The Shining One
Beogh

Shops:
D:4 !!([:   D:9 =   D:13 [

Annotations:
D:4 namelastname112's ghost, amateur DrMo
D:15 Louise


Innate Abilities, Weirdness & Mutations

You can breathe bolts of dispelling energy.
Your rich purple scales are hard (AC +8).
Your body does not fit into most forms of armour.
You are cold-blooded and may be slowed by cold attacks.
You have a pair of small horns on your head.
You have sharp toenails.
You are clumsy. (Dex -2)
You have a considerably increased reservoir of magic (+20% MP).
You are weak. (Str -2)


Message History

The tentacled starspawn engulfs you.
* * * LOW HITPOINT WARNING * * *
You are too injured to fight recklessly!
You are too injured to fight recklessly!
You are too injured to fight recklessly!
You are too injured to fight recklessly!
You punch the tentacled starspawn!
The tentacled starspawn is lightly damaged.
The tentacled starspawn bites you!
* * * LOW HITPOINT WARNING * * *
The tentacled starspawn engulfs you!
* * * LOW HITPOINT WARNING * * *
You punch the tentacled starspawn! You tail-slap the tentacled starspawn.
The tentacled starspawn is moderately damaged.
You pummel the tentacled starspawn!!
The tentacled starspawn is heavily damaged.
The tentacled starspawn completely misses you.
The tentacled starspawn engulfs you!
You die...
Pakellas says: Good help is so hard to find these days!

. .
.. .
. .
. ##
.
####
. ..
.
##X#
..
..
#@#
. #
. #
###.
. .
# #.
#.#
x. .
. .
. #
## .
. .
. .
#


You could see a tentacled starspawn.

Vanquished Creatures
  Agnes (D:15)
  A frost giant (D:15)
  Azrael (D:13)
  4 hydras
  A rakshasa (D:9)
  Erolcha (D:10)
  3 ice dragons
  The ghost of yogakurto the Nimble, a journeyman DsEn of Sif Muna (D:12)
  2 centaur warriors (D:15)
  A tengu warrior (D:15)
  A thrashing horror (Abyss:2)
  3 unseen horrors
  2 large abominations (Abyss:2)
  3 starcursed masses (Abyss:2)
  7 hill giants
  A wizard (D:13)
  A wolf spider (D:13)
  A deep elf mage (D:14)
  A manticore (D:10)
  7 ugly things
  3 centaur zombies
  8 cyclopes
  Psyche (D:8)
  2 gargoyles
  A centaur skeleton (D:13)
  2 ice statues (IceCv)
  4 kobold demonologists
  A komodo dragon (D:12)
  2 freezing wraiths
  A tengu conjurer (D:15)
  2 trolls
  2 harpy skeletons (D:15)
  Prince Ribbit (D:6)
  5 slime creatures (D:12)
  4 shadows
  A wyvern (D:13)
  Eustachio (D:6)
  5 fire elementals (D:13)
  25 yaks
  2 basilisks
  2 neqoxecs (Abyss:2)
  A hippogriff (D:15)
  2 vampire mosquitoes
  4 hungry ghosts
  4 wargs (D:12)
  A soldier ant (D:11)
  A water moccasin (D:9)
  3 hell hounds (D:13)
  7 orc warriors
  A black bear (D:13)
  4 porcupines (D:9)
  16 ice beasts
  8 sky beasts
  2 wasps
  An eye of draining (D:8)
  2 necrophages
  3 phantoms
  A boggart (shapeshifter) (D:13)
  7 ogres
  A small abomination (Abyss:2)
  12 centaurs
  3 crocodiles
  7 big kobolds
  13 giant frogs
  A water moccasin zombie (D:7)
  2 scorpions
  13 killer bees
  9 wights
  2 howler monkeys
  9 crimson imps
  A quasit (D:6)
  3 giant frog skeletons
  7 hounds
  9 orc priests
  11 orc wizards
  5 iguanas
  An iron imp (Abyss:2)
  Jessica (D:2)
  8 worker ants
  2 sheep (D:14)
  A hound zombie (D:6)
  A hound skeleton (D:9)
  3 gnolls (D:10)
  10 adders
  2 river rats (D:9)
  2 shadow imps
  12 white imps (D:15)
  An adder zombie (D:6)
  An adder skeleton (D:4)
  2 worms (D:2)
  4 dart slugs
  5 giant geckos
  57 orcs
  2 giant cockroaches
  7 hobgoblins
  8 jackals
  37 kobolds
  3 quokkas
  3 ball pythons
  7 bats
  A giant gecko zombie (D:8)
  7 giant newts
  11 goblins
  10 rats
  A plant (D:15)
504 creatures vanquished.

Vanquished Creatures (others)
  3 small abominations (Abyss:2)
  A bush (D:9)
  12 plants
  A starspawn tentacle segment (Abyss:2)
17 creatures vanquished.

Grand Total: 521 creatures vanquished

Notes
Turn   | Place    | Note
--------------------------------------------------------------
     0 | D:1      | namelastname112 the Draconian Monk began the quest for the Orb.
     0 | D:1      | Reached XP level 1. HP: 19/19 MP: 1/1
   158 | D:1      | Reached XP level 2. HP: 26/26 MP: 2/2
   442 | D:1      | Reached skill level 5 in Unarmed Combat
   442 | D:1      | Reached XP level 3. HP: 29/31 MP: 3/3
   822 | D:2      | Identified a -1 rod of clouds (14/14) (You found it on level 2 of the Dungeon)
  1077 | D:2      | Noticed Jessica
  1092 | D:2      | Killed Jessica
  1092 | D:2      | Reached XP level 4. HP: 12/38 MP: 4/4
  1401 | D:2      | Found a sacrificial altar of Ru.
  1976 | D:3      | Reached XP level 5. HP: 22/45 MP: 5/5
  3488 | D:4      | Found a staircase to the Ecumenical Temple.
  3496 | D:4      | Found Ziceteh's Distillery.
  3498 | D:4      | Found Uvoaloav's Weapon Shop.
  3501 | D:4      | Bought a potion of heal wounds for 60 gold pieces
  3597 | D:4      | Noticed an ogre
  3612 | D:4      | Killed an ogre
  3612 | D:4      | Reached XP level 6. HP: 51/51 MP: 6/6
  3661 | D:4      | Found Buhyclod's Armour Emporium.
  3692 | D:4      | Found Olyuxt's Book Emporium.
  3869 | D:4      | Found Lastitop's Distillery.
  3936 | Temple   | Entered the Ecumenical Temple
  4055 | D:5      | Entered Level 5 of the Dungeon
  4180 | D:5      | Found an ancient bone altar of Kikubaaqudgha.
  4594 | D:5      | Your scales start taking on a rich purple colour.
  4594 | D:5      | Reached XP level 7. HP: 53/57 MP: 7/7
  4684 | D:5      | Found a burning altar of Makhleb.
  4838 | D:5      | Got a fine war axe
  4839 | D:5      | Identified the +3 war axe "Zejeurho" {chop, rF+ Str+4} (You found it on level 5 of the Dungeon)
  4989 | Temple   | Became a worshipper of Pakellas the Inventive
  4989 | Temple   | Reached * piety under Pakellas
  4989 | Temple   | Reached ** piety under Pakellas
  4989 | Temple   | Received a gift from Pakellas
  5026 | D:4      | Noticed namelastname112's ghost (amateur DrMo)
  5074 | D:3      | Gained mutation: You are weak. (Str -2) [potion of mutation]
  5074 | D:3      | Gained mutation: You have sharp toenails. [potion of mutation]
  5074 | D:3      | Gained mutation: You have supernaturally acute eyesight. [potion of mutation]
  5075 | D:3      | Gained mutation: You evolve. [potion of mutation]
  5075 | D:3      | Gained mutation: You are dopey. (Int -2) [potion of mutation]
  5075 | D:3      | Gained mutation: You are clumsy. (Dex -2) [potion of mutation]
  5120 | D:3      | Gained mutation: You are covered in fur (AC +1). [evolution]
  5357 | D:6      | Reached skill level 1 in Evocations
  5600 | D:6      | Reached skill level 2 in Evocations
  5632 | D:6      | Noticed Prince Ribbit
  5654 | D:6      | Killed Prince Ribbit
  5654 | D:6      | Reached skill level 3 in Evocations
  5654 | D:6      | Reached XP level 8. HP: 26/66 MP: 8/10
  5911 | D:6      | Noticed Eustachio
  5927 | D:6      | Killed Eustachio
  5927 | D:6      | Reached skill level 4 in Evocations
  6020 | D:6      | Found a bloodstained altar of Trog.
  6171 | D:6      | Gained mutation: Your flesh is heat resistant. [evolution]
  6340 | D:6      | Reached skill level 5 in Fighting
  6340 | D:6      | Reached skill level 5 in Evocations
  6435 | D:6      | Reached *** piety under Pakellas
  6717 | D:6      | Reached XP level 9. HP: 72/74 MP: 13/13
  6951 | D:7      | Reached skill level 1 in Shields
  7035 | D:7      | Reached skill level 6 in Evocations
  7151 | D:7      | Got a dazzling rapier
  7152 | D:7      | Identified the cursed +1 rapier of Termination {venom, Str+4} (You found it on level 7 of the Dungeon)
  7214 | D:7      | Lost mutation: You have supernaturally acute eyesight. [mutagenic meat]
  7215 | D:7      | Gained mutation: Your large and strong wings let you fly indefinitely. [mutagenic meat]
  7216 | D:7      | Lost mutation: Your flesh is heat resistant. [mutagenic meat]
  7266 | D:7      | Found a blossoming altar of Fedhas.
  7368 | D:7      | You are sucked into a shaft for 2 floors!
  7418 | D:9      | Found a basalt altar of Yredelemnul.
  7672 | D:7      | Reached skill level 10 in Unarmed Combat
  7821 | D:8      | Reached skill level 5 in Dodging
  7865 | D:8      | Found a bloodstained altar of Trog.
  7917 | D:8      | Reached **** piety under Pakellas
  7917 | D:8      | Received a gift from Pakellas
  8499 | D:8      | Reached skill level 7 in Evocations
  8696 | D:8      | Noticed Psyche
  8706 | D:8      | Killed Psyche
  8847 | D:8      | Identified a +6 rod of clouds (13/13) (Pakellas gifted it to you on level 8 of the Dungeon)
  8980 | D:9      | Reached XP level 10. HP: 71/84 MP: 6/15
  9023 | D:9      | Noticed a rakshasa
  9050 | D:9      | Killed a rakshasa
  9050 | D:9      | Reached skill level 8 in Evocations
  9253 | D:9      | Reached ***** piety under Pakellas
  9258 | D:9      | Reached skill level 9 in Evocations
  9368 | D:9      | Found Aveth's Jewellery Emporium.
  9875 | D:9      | Found a staircase to the Lair.
 10085 | D:9      | Lost mutation: Your large and strong wings let you fly indefinitely. [evolution]
 10274 | D:9      | Reached XP level 11. HP: 93/93 MP: 18/18
 10280 | D:10     | Entered Level 10 of the Dungeon
 10549 | D:10     | Reached skill level 10 in Evocations
 10602 | D:10     | Noticed Erolcha
 10613 | D:10     | Killed Erolcha
 11447 | D:11     | Noticed a hill giant
 11462 | D:11     | Killed a hill giant
 11512 | D:11     | Reached ****** piety under Pakellas
 11612 | D:11     | Identified a +10 rod of clouds (18/18) (supercharged by Pakellas)
 11896 | D:12     | Reached skill level 11 in Evocations
 12140 | D:12     | Killed an unseen horror
 12287 | D:12     | Noticed a seven-headed hydra
 12300 | D:12     | Killed a seven-headed hydra
 12379 | D:12     | Noticed an eight-headed hydra
 12396 | D:12     | Killed an eight-headed hydra
 12573 | D:12     | Noticed yogakurto's ghost (journeyman DsEn)
 12620 | D:12     | Killed yogakurto's ghost
 12620 | D:12     | Reached XP level 12. HP: 98/104 MP: 20/20
 12763 | D:12     | Reached skill level 12 in Evocations
 12849 | D:12     | Gained mutation: You have a pair of small horns on your head. [mutagenic meat]
 12850 | D:12     | Lost mutation: You are dopey. (Int -2) [mutagenic meat]
 13009 | D:12     | Found a staircase to the Orcish Mines.
 13099 | D:12     | Lost mutation: You have a pair of small horns on your head. [mutagenic meat]
 13100 | D:12     | Gained mutation: Your body sometimes deteriorates upon taking damage. [mutagenic meat]
 13101 | D:12     | Lost mutation: You evolve. [mutagenic meat]
 13316 | D:13     | Gained mutation: You have an increased reservoir of magic (+10% MP). [mutagenic meat]
 13317 | D:13     | Gained mutation: Your body often deteriorates upon taking damage. [mutagenic meat]
 13319 | D:13     | Gained mutation: You have a considerably increased reservoir of magic (+20% MP). [mutagenic meat]
 13356 | D:13     | Found Qadeuz's Armour Shop.
 13723 | D:13     | Noticed Azrael
 13724 | D:13     | Found a roughly hewn altar of Beogh.
 13747 | D:13     | Killed Azrael
 14180 | D:13     | Reached skill level 13 in Evocations
 14193 | D:13     | Reached skill level 10 in Fighting
 14369 | D:13     | Received a gift from Pakellas
 14694 | D:13     | Noticed an ice dragon
 14712 | D:13     | HP: 3/106 [ice dragon/blast of cold (32)]
 14713 | D:13     | Killed an ice dragon
 14776 | D:13     | Noticed a five-headed hydra
 14889 | D:13     | Gained mutation: You have a pair of small horns on your head. [mutagenic meat]
 14890 | D:13     | Lost mutation: Your body often deteriorates upon taking damage. [mutagenic meat]
 14948 | D:13     | Found a gate to the Vaults.
 15055 | D:14     | Reached XP level 13. HP: 94/114 MP: 27/27
 15609 | D:14     | Reached skill level 14 in Evocations
 15646 | D:14     | Lost mutation: You are covered in fur (AC +1). [mutagenic meat]
 16285 | D:15     | Entered Level 15 of the Dungeon
 16309 | D:15     | Noticed Agnes
 16311 | D:15     | Found a frozen archway.
 16318 | D:15     | Identified a +6 rod of ignition (10/10) (Pakellas gifted it to you on level 13 of the Dungeon)
 16324 | D:15     | Killed Agnes
 16379 | D:15     | Lost mutation: Your body sometimes deteriorates upon taking damage. [a neqoxec]
 16386 | IceCv    | Entered an ice cave
 18046 | D:15     | Reached skill level 15 in Evocations
 18287 | D:15     | Reached skill level 10 in Dodging
 18424 | D:15     | Noticed a frost giant
 18434 | D:15     | Killed a frost giant
 18434 | D:15     | Reached XP level 14. HP: 22/124 MP: 11/30
 20044 | D:15     | Noticed Louise
 20050 | D:15     | Cast into level 2 of the Abyss (Louise)
 20079 | Abyss:2  | Noticed a starcursed mass
 20234 | Abyss:2  | Noticed a starcursed mass
 20500 | Abyss:2  | HP: 4/125 [ynoxinul/iron shot (12)]
 20924 | Abyss:2  | Noticed a tentacled starspawn
 20951 | Abyss:2  | Noticed a lich
 20958 | Abyss:2  | Noticed a tentacled monstrosity
 20958 | Abyss:2  | Noticed a tentacled monstrosity
 21229 | Abyss:2  | Noticed a starcursed mass
 21263 | Abyss:2  | Killed a starcursed mass
 21264 | Abyss:2  | Noticed a tentacled starspawn
 21267 | Abyss:2  | Slain by a tentacled starspawn

Vault maps used:
D:1:      lightli_arrival_noodles
D:2:      serial_glass, glass_columns_a, glass_columns_b, minivault_11,
          grunt_ministairs_15, minivault_4, nicolae_ru_path_of_blood,
          uniq_jessica
D:4:      minmay_temple_entry_trees, serial_shops, shop,
          nicolae_shop_waterfront, kennysheep_mini, shop,
          nicolae_shop_behind_doors, first_bread
D:5:      corexii_shantytown, basic_altar, makhleb_heckhound_becter
D:6:      bloody_trog, uniq_prince_ribbit1, uniq_eustachio
D:7:      basic_altar
D:8:      nicolae_overflow_hidden_temple, uniq_psyche
D:9:      kennysheep_mini_moat, minmay_lair_entry_grove, serial_shops,
          nicolae_shop_trees
D:10:     kennysheep_generic_room_8, uniq_erolcha
D:12:     minmay_orc_entry_guard_dogs
D:13:     david_vaults_4, serial_shops, shop_fountains, special_room,
          uniq_azrael
D:14:     infiniplex_staircase_squiggle, hangedman_ranch, grunt_ministairs_15,
          lemuel_flamethrower_3
D:15:     grunt_enter_depths_snipers, portal_ice_cave_entry_imps, tgw_sif,
          serial_bayou_pond_a, uniq_louise, uniq_agnes
Temple:   grunt_circular_temple_18
IceCv:    ice_cave_small_dragons

Skill      XL: |  1  2  3  4  5  6  7  8  9 10 11 12 13 |
---------------+----------------------------------------+-----
Unarmed Combat | 5 6 7 8 9 10 11 12 13 | 13.4
Evocations     | 3 5 7 9 11 13 15 | 15.5
Dodging        | 3 4 5 6 7 9 10 | 10.2
Fighting       | 4 5 6 7 9 10 11 | 11.8
Shields        | 3 4 |  4.8
Stealth        | |  1.7

Action                   |  1- 3 |  4- 6 |  7- 9 | 10-12 | 13-15 || total
-------------------------+-------+-------+-------+-------+-------++-------
Melee: Unarmed           |   111 |   240 |   442 |   759 |   392 ||  1944
       Rod               |       |       |       |     1 |       ||     1
Invok: Supercharge       |       |       |       |     1 |       ||     1
       Quick Charge      |       |       |       |       |     3 ||     3
 Abil: Breathe Dispellin |       |       |     3 |     2 |     4 ||     9
       Fly               |       |       |     1 |       |       ||     1
Evoke: Rod               |       |     1 |     7 |    45 |    39 ||    92
       Wand              |       |       |     4 |     2 |     6 ||    12
  Use: Scroll            |       |       |    23 |     7 |     7 ||    37
       Potion            |       |       |     3 |     4 |     9 ||    16
 Stab: Sleeping          |     2 |     5 |     1 |     4 |       ||    12
       Distracted        |       |       |     3 |     1 |     1 ||     5
       Confused          |       |       |       |     4 |       ||     4
  Eat: Chunk             |     1 |    10 |    22 |    33 |    12 ||    78
       Beef jerky        |       |     1 |     2 |     1 |     1 ||     5
       Pizza             |       |       |     2 |     3 |       ||     5
       Meat ration       |       |       |       |     3 |     5 ||     8
       Royal jelly       |       |       |       |     2 |       ||     2
       Fruit             |       |       |       |       |     1 ||     1
